 Dungeon Crawl Stone Soup version 0.28-a0-834-g1a73be5ee4 (webtiles) character file.

Game seed: 16048443495975047059

32 vurker the Gusty (level 3, -3/15 HPs)
             Began as a Felid Air Elementalist on Nov 11, 2021.
             Killed by nerve-wracking pain
             ... invoked by an orc priest
              (6 damage)
             ... on level 2 of the Dungeon.
             The game lasted 00:01:58 (2094 turns).

vurker the Gusty (Felid Air Elementalist)           Turns: 2094, Time: 00:01:59

Health: -3/15      AC:  1    Str:  4    XL:     3   Next: 8%
Magic:  0/7        EV: 17    Int: 17    God:
Gold:   60         SH:  0    Dex: 16    Spells: 6/7 levels left
                                        Lives:  0   Deaths: 0

rFire   . . .      SeeInvis +   (weapon unavailable)
rCold   . . .      Faith    .   (shield unavailable)
rNeg    . . .      Spirit   .   (armour unavailable)
rPois   .          Reflect  .   (helmet unavailable)
rElec   .          Harm     .   (cloak unavailable)
rCorr   .          Rampage  .   (gloves unavailable)
Will    +....                   (boots unavailable)
Stlth   ++........              j - amulet of the acrobat
HPRegen 0.05/turn               m - ring of willpower
MPRegen 0.10/turn               (no ring)

@: quick
A: very small, claws 1, fangs 3, see invisible, speed 1, shaggy fur 1, stealthy
paws, no weapons or thrown items, no armour, multi-lived
a: no special abilities


You were on level 2 of the Dungeon.
You visited 1 branch of the dungeon, and saw 4 of its levels.

You collected 60 gold pieces.

Inventory:

Jewellery
 j - an amulet of the acrobat (around neck)
   (You found it on level 2 of the Dungeon)
 m - a ring of willpower (left paw)
   (You found it on level 2 of the Dungeon)
Scrolls
 b - a scroll of teleportation {unknown}
 c - a scroll of summoning {unknown}
 d - a scroll of vulnerability {unknown}
 g - 3 scrolls of enchant armour {unknown}
 i - a scroll of noise {unknown}
 k - a scroll of identify {unknown}
 l - a scroll of fog {unknown}
Potions
 a - 2 potions of curing {unknown}
 e - a potion of mutation {unknown}
 f - a potion of attraction {unknown}
 h - a potion of lignification {unknown}


   Skills:
 + Level 0.9 Fighting
 - Level 2.6 Dodging
 - Level 2.6 Stealth
 * Level 2.5 Spellcasting
 + Level 1.3 Conjurations
 * Level 3.1 Air Magic


You had 6 spell levels left.
You knew the following spells:

 Your Spells              Type           Power      Damage    Failure   Level
a - Shock                 Conj/Air       36%        1d5       8%          1

Your spell library contained the following spells:

 Spells                   Type           Power      Damage    Failure   Level
 Static Discharge         Conj/Air       9%         N/A       11%         2
 Swiftness                Air            12%        N/A       16%         3
 Sandblast                Erth           4%         2d4       19%         1
 Airstrike                Air            6%         N/A       45%         4


Dungeon Overview and Level Annotations

Branches:
Dungeon (4/15)
 Temple: D:4-7

Altars:
Okawaru


Innate Abilities, Weirdness & Mutations

You have sharp claws.
You have razor-sharp teeth.
You have supernaturally acute eyesight. (SInv)
You cover ground quickly. (Speed+)
You are covered in fur. (AC +1)
Your paws help you pounce on unaware monsters.
You are incapable of wielding weapons or throwing items.
You cannot wear armour.
You gain extra lives every three experience levels.


Message History

Done exploring.
Done exploring.
Done exploring.
Done exploring.
Done exploring.
There is a stone staircase leading down here.
You climb downwards.
An orc priest comes into view. It is wielding a +0 hand axe.
There is a stone staircase leading up here.
The zap hits the ball python.
You kill the ball python!
The orc wizard shouts!
The orc priest shouts!
You hear a shout!
An orc comes into view. It is wielding a +0 flail.
Aim: an orc priest, wielding a +0 hand axe and wearing a +0 ring mail (72% to hit)
The zap hits the orc priest but does no damage.
The orc shouts! x2
Aim: an orc priest, wielding a +0 hand axe and wearing a +0 ring mail (72% to hit)
The zap misses the orc priest.
Aim: an orc priest, wielding a +0 hand axe and wearing a +0 ring mail (72% to hit)
The zap hits the orc priest but does no damage.
An orc comes into view. It is wielding a +0 hand axe.
The orc priest misses you.
You climb upwards.
There is a stone staircase leading down here.
The orc priest calls down the wrath of Beogh upon you.
You resist with some effort.
The zap hits the orc priest.
The zap hits the orc priest but does no damage.
The zap hits the orc priest.
The zap hits the orc priest.
The orc priest closely misses you.
The zap misses the orc priest.
The orc priest closely misses you.
You scratch the orc priest but do no damage.
The orc priest hits you with a +0 hand axe.
Unknown command.
You scratch the orc priest but do no damage.
The orc priest hits you with a +0 hand axe.
* * * LOW HITPOINT WARNING * * *
You closely miss the orc priest.
You bite the orc priest, but do no damage.
The orc priest invokes the aid of Beogh against you.
You resist with some effort.
You scratch the orc priest but do no damage.
The orc priest hits you with a +0 hand axe.
* * * LOW HITPOINT WARNING * * *
You scratch the orc priest but do no damage.
The orc priest misses you.
You scratch the orc priest.
The orc priest calls down the wrath of Beogh upon you.
Pain shoots through your body!
You die...

#.......#.#.#..#.......).......
#.......#.#.#.............#####
##.....(.#.................#####
#...########......_.............
#...# #.........................
#...# #.####....................
#...# #.# #.#..#...............
#...# #.####.#..#...............
#...# #.#)....#@#...............
#.).# #...>....o####+#####......
##...###........>##..........####
#......#.........##..........#
#....#+#.#.########..........#
#.###......###### #..........####
#.# #...........# ###.#######....
#.# #...........# #.# #.... ..#
##+#.#......#####.#######....


You could see an orc priest.

Vanquished Creatures
  A worm (D:2)
  2 ball pythons
  2 endoplasms
  2 giant cockroaches
  2 goblins
  3 hobgoblins
  2 jackals (D:1)
  4 kobolds
  2 quokkas
  A bat (D:3)
  2 frilled lizards
  3 rats
26 creatures vanquished.

Vanquished Creatures (others)
  4 toadstools (D:1)
4 creatures vanquished.

Grand Total: 30 creatures vanquished

Notes
Turn   | Place    | Note
-------+----------+-------------------------------------------
     0 | D:1      | vurker the Felid Air Elementalist began the quest for the
                  | Orb.
     0 | D:1      | Reached XP level 1. HP: 7/7 MP: 4/4
   159 | D:1      | Reached skill level 1 in Conjurations
   382 | D:1      | Found a faded altar of an unknown god.
   392 | D:1      | Reached XP level 2. HP: 12/12 MP: 1/6
   440 | D:1      | Got Plato's Tome of the Mountains
   924 | D:2      | Reached skill level 3 in Air Magic
  1117 | D:2      | Found an iron altar of Okawaru.
  1620 | D:2      | You fall into a shaft and drop 2 floors!
  1757 | D:3      | Reached XP level 3. HP: 15/15 MP: 0/7
  2094 | D:2      | Killed from afar by an orc priest

Illustrated notes

Levels and vault maps discovered:
D:1:      ldierk_water_garden, layout_basic, shapermc_ecumenical_altar_rom_forum
D:2:      layout_basic, basic_altar
D:3:      layout_loops_corners, serial_glass, glass_columns_a, glass_columns_b,
          chequers_garden, minmay_fractal_squares_diagonal_5, uniq_natasha
D:4:      layout_basic, minivault_1

Skill      XL: |  1  2 |
---------------+-------+-----
Conjurations   | 1 |  1.3
Air Magic      | 3 |  3.1
Fighting       | |  0.9
Dodging        | |  2.6
Stealth        | |  2.6
Spellcasting   | |  2.5

Action                   || total
-------------------------++-------
Melee: Unarmed           ||    20
       Bite              ||     2
 Cast: Shock             ||    71
Dodge: Dodged            ||    24

Table legend: (Time is in decaauts)
 A = Elapsed time spent in this place.
 B = Non-inter-level travel time spent in this place.
 C = Inter-level travel time spent in this place.
 D = Time resting spent in this place.
 E = Time spent auto-exploring this place.
 F = Levels seen in this place.
 G = Mean time per level.
                   A        B        C        D        E       F      G
               +--------+--------+--------+--------+--------+-----+--------+
         Total |   1851 |   1818 |     33 |      0 |   1588 |   4 |  462.8 |
       Dungeon |   1851 |   1818 |     33 |      0 |   1588 |   4 |  462.8 |
               +--------+--------+--------+--------+--------+-----+--------+

Top non-repeatable levels by time:
     D:2: 822 daAuts
     D:1: 819 daAuts
     D:3: 191 daAuts
     D:4: 18 daAuts
